 Dungeon Crawl Stone Soup version 0.30-a0-358-g0d69a1922f (webtiles) character file.

Game seed: 14330923715159956580

3 NinjaNoafa the Shield-Bearer (level 1, -1/14 HPs)
             Began as a Gargoyle Fighter on Nov 10, 2022.
             Frozen to death by an endoplasm (4 damage)
             ... on level 1 of the Dungeon.
             The game lasted 00:00:22 (57 turns).

NinjaNoafa the Shield-Bearer (Gargoyle Fighter)       Turns: 57, Time: 00:00:22

Health: -1/14      AC:  9    Str: 19    XL:     1   Next: 50%
Magic:  1/1        EV:  9    Int:  8    God:
Gold:   0          SH:  4    Dex:  9    Spells: 0/0 levels left

rFire   . . .      SeeInvis .    a - +0 flail
rCold   . . .      Faith    .    c - +0 buckler
rNeg    + . .      Spirit   .    b - +0 scale mail
rPois   ∞          Reflect  .    (no helmet)
rElec   +          Harm     .    (no cloak)
rCorr   .          Rampage  .    (no gloves)
Will    .....                    (no boots)
Stlth   ..........               (no amulet)
HPRegen 0.22/turn                (no ring)
MPRegen 0.07/turn                (no ring)

@: no status effects
A: sickness immunity, AC +2, negative energy resistance 1, electricity
resistance, torment resistance 1, petrification resistance
a: no special abilities


You were on level 1 of the Dungeon.
You visited 1 branch of the dungeon, and saw 1 of its levels.

Inventory:

Hand Weapons
 a - a +0 flail (weapon)
Armour
 b - a +0 scale mail (worn)
 c - a +0 buckler (worn)
Potions
 d - a potion of might


   Skills:
 - Level 3.2 Fighting
 + Level 2.3 Maces & Flails
 - Level 3.2 Armour
 - Level 3.2 Shields


You couldn't memorise any spells.
You didn't know any spells.
Your spell library was empty.

Dungeon Overview and Level Annotations

Branches:
Dungeon (1/15)

Altars:


Innate Abilities, Weirdness & Mutations

You are immune to sickness and miasma.
Your stone body is resilient. (AC +2)
You are immune to poison.
You resist negative energy. (rN+)
You are resistant to electric shocks. (rElec)
You are resistant to unholy torment.
You are immune to petrification.


Message History

A rat is nearby!
An endoplasm comes into view.
Found a stone staircase leading down.
The endoplasm quivers.
You hit the rat.
You kill the rat!
The endoplasm closely misses you.
You barely miss the endoplasm. The endoplasm barely misses you.
You hit the endoplasm but do no damage. The endoplasm barely misses you.
The endoplasm freezes you.
You are frozen.
You sock the endoplasm!
You kill the endoplasm!
HP restored.
An endoplasm comes into view.
The endoplasm quivers.
An endoplasm is nearby!
You sock the endoplasm!
You kill the endoplasm!
An endoplasm comes into view.
An endoplasm is nearby!
An endoplasm is nearby!
An endoplasm comes into view.
Found a leather armour.
Found 13 gold pieces.
The endoplasm barely misses you.
You hit the endoplasm but do no damage. The endoplasm freezes you.
You are frozen.
The endoplasm freezes you.
You are frozen.
You barely miss the endoplasm. The endoplasm barely misses you.
You hit the endoplasm but do no damage. The endoplasm freezes you.
You are frozen.
* * * LOW HITPOINT WARNING * * *
You sock the endoplasm!
You kill the endoplasm!
The endoplasm freezes you.
You are frozen.
You die...

#.≈≈>§≈.# #.≈≈(§≈.# ###[
.##.. #.≈§≈≈≈.# ..#.
.#..# #..§≈≈..# #.#.
...# #.......##
#.#.#...# .........###.
...#.#
...........#.##.....
...........##..J########
......#.........@......$
#####.....#.###########.
##>.#.#.# ####.#.##
#....# ######


You could see an endoplasm.

Vanquished Creatures
  3 endoplasms (D:1)
  A rat (D:1)
4 creatures vanquished.

Notes
Turn   | Place    | Note
-------+----------+-------------------------------------------
     0 | D:1      | NinjaNoafa the Gargoyle Fighter began the quest for the
                  | Orb.
     0 | D:1      | Reached XP level 1. HP: 14/14 MP: 1/1
    57 | D:1      | Frozen to death by an endoplasm

Illustrated notes

Levels and vault maps discovered:
D:1:      lemuel_arrival_lava_pool, layout_basic, minmay_tetromino_o2

Action                   || total
-------------------------++-------
Melee: Flail             ||     9
Dodge: Dodged            ||     5

Table legend: (Time is in decaauts)
 A = Elapsed time spent in this place.
 B = Non-inter-level travel time spent in this place.
 C = Inter-level travel time spent in this place.
 D = Time resting spent in this place.
 E = Time spent auto-exploring this place.
 F = Levels seen in this place.
 G = Mean time per level.
                   A        B        C        D        E       F      G
               +--------+--------+--------+--------+--------+-----+--------+
         Total |     60 |     60 |      0 |      0 |     36 |   1 |   60.0 |
       Dungeon |     60 |     60 |      0 |      0 |     36 |   1 |   60.0 |
               +--------+--------+--------+--------+--------+-----+--------+

Top non-repeatable levels by time:
     D:1: 60 daAuts
